 Dungeon Crawl Stone Soup version 0.26.1-10-gdfb7c7de75 (webtiles) character file.

Game seed: 12638032809702621321

2807 Phaedo the Covert (level 9, -3/56 HPs)
             Began as an Octopode Delver on Apr 8, 2021.
             Slain by a wyvern (8 damage)
             ... on level 8 of the Dungeon.
             The game lasted 00:17:53 (7846 turns).

Phaedo the Covert (Octopode Delver)                 Turns: 7846, Time: 00:17:54

Health: -3/56      AC:  3    Str: 20    XL:     9   Next: 72%
Magic:  9/9        EV: 17    Int: 15    God:
Gold:   153        SH:  5    Dex: 14    Spells: 8/8 levels left

rFire    + . .     SeeInvis .   a - +2 short sword (venom)
rCold    . . .     Faith    .   t - +0 buckler
rNeg     + . .     Spirit   .   H - +2 hat
rPois    +         Reflect  .   (no amulet)
rElec    +         Harm     .   E - ring of protection from cold
rCorr    .         Rampage  .   x - +6 ring of strength
Will     .....                  y - ring of stealth
Stlth    +++++++...             O - ring of Jumezoan {Fire rElec rN+ Str+3}
HPRegen  0.18/turn              P - ring of poison resistance
MPRegen  0.11/turn              (no ring)
                                (no ring)
                                (no ring)

@: no status effects
A: almost no armour, stealthy swim, amphibious, 8 rings, constrict 8, camouflage
1, gelatinous body 1
a: no special abilities


You were on level 8 of the Dungeon.
You visited 1 branch of the dungeon, and saw 8 of its levels.
You also visited: Sewer.

You collected 504 gold pieces.
You spent 351 gold pieces at shops.

Inventory:

Hand Weapons
 a - a +2 short sword of venom (weapon)
 b - a +0 hand crossbow
 s - a +0 spear
Missiles
 g - 116 arrows
 o - 58 bolts
 q - 216 stones (quivered)
 v - 34 poisoned darts
Armour
 r - a +0 kite shield
 t - a +0 buckler (worn)
 H - a +2 hat (worn)
Jewellery
 n - a +6 ring of intelligence {unknown}
 x - a +6 ring of strength (right tentacle)
 y - a ring of stealth (on tentacle)
 E - a ring of protection from cold (left tentacle)
 F - the cursed ring "Lyucecs" {*Corrode Will+ Str+7 Int+3 Slay-4}
   (You found it on level 4 of the Dungeon)

   [ring of slaying]

   It affects your strength (+7).
   It affects your intelligence (+3).
   It affects your accuracy and damage with ranged weapons and melee attacks
   (-4).
   It affects your willpower, your defense against some magical effects.
   It may corrode you when you take damage.
   It has a curse placed upon it.
 O - the ring of Jumezoan (on tentacle) {Fire rElec rN+ Str+3}
   (You found it on level 7 of the Dungeon)

   [ring of fire]

   It enhances your fire magic.
   It affects your strength (+3).
   It protects you from fire.
   It makes you vulnerable to cold.
   It insulates you from electricity.
   It protects you from negative energy.
 P - a ring of poison resistance (on tentacle)
Wands
 d - a wand of random effects (16)
 f - a wand of digging (8)
 J - a wand of flame (15)
Scrolls
 c - 2 scrolls of amnesia {unknown}
 e - 2 scrolls of fog
 j - 5 scrolls of teleportation
 p - 2 scrolls of enchant weapon {unknown}
 u - 3 scrolls of remove curse
 w - 2 scrolls of enchant armour {unknown}
 z - 2 scrolls of immolation {unknown}
 C - a scroll of random uselessness {unknown}
 G - a scroll of blinking {unknown}
 L - a scroll of noise {unknown}
 Q - 2 scrolls of magic mapping
Potions
 h - 4 potions of heal wounds
 i - 6 potions of curing
 k - a potion of resistance {unknown}
 l - 6 potions of might
 m - 3 potions of ambrosia
 A - 3 potions of haste
 B - a potion of lignification
 D - 2 potions of cancellation
 I - 2 potions of attraction
 M - 2 potions of brilliance {unknown}
 N - a potion of flight {unknown}


   Skills:
 - Level 3.0 Fighting
 - Level 3.3 Polearms
 + Level 6.0 Crossbows
 + Level 7.5 Dodging
 - Level 12.0 Stealth
 - Level 4.0 Shields


You had 8 spell levels left.
You didn't know any spells.
Your spell library contained the following spells:

 Spells                   Type           Power        Failure   Level
 Animate Skeleton         Necr           0%           26%         1
 Apportation              Tloc           0%           26%         1
 Corona                   Hex            0%           26%         1
 Summon Small Mammal      Summ           0%           26%         1


Dungeon Overview and Level Annotations

Branches:
Dungeon (8/15)             Temple (0/1) D:6            Lair (0/6) D:8
  Sewer (visited)

Altars:
Trog

Shops:
D:4 [   D:7 *   D:8 [!

Annotations:
D:3 3 runed translucent doors, Survivorfifteen's ghost, amateur MiFi


Innate Abilities, Weirdness & Mutations

You cannot wear most types of armour.
You are very stealthy in the water. (Stealth+)
You are amphibious.
You can wear up to eight rings at the same time.
You can use your tentacles to constrict eight enemies at once.
Your skin changes colour to match your surroundings (Stealth+).
Your rubbery body absorbs attacks. (AC +1, EV +1)


Message History

You squeeze the water moccasin, but do no damage.
The water moccasin is severely wounded.
You constrict the water moccasin. The water moccasin misses you.
You puncture the water moccasin!
You kill the water moccasin!
The wyvern bites you!
Your Crossbows skill increases to level 6!
You hit the wyvern.
The wyvern is lightly wounded.
The wyvern closely misses you. The wyvern completely misses you.
You barely miss the wyvern. The wyvern bites you.
You hit the wyvern.
The wyvern is poisoned.
The wyvern is moderately wounded.
The wyvern misses you. You block the wyvern's attack.
You closely miss the wyvern.
The wyvern is moderately wounded.
The wyvern bites you!
* * * LOW HITPOINT WARNING * * *
The wyvern bites you!
You die...

# ##.## #.###.###.# # #.#
#.........# # #.# #####.##### #
##'## #...#### # ##...##
##......#.# ## ##.....##
#.P.......# .## #.......##
#.P.......l.
∩.####.........####.P.....P....
.....+.........'@l..PP$.P.P....
..##.#.........###....$P....P..
...#.##.......## #...♣)P.SP..P.
.#.#.###.....## #PP...!.>P..lP
.....# ##...## #......SPP....
##.#######+## .P....P #.# #..
...# #.....S #.# #.###.#.###
P...P. #.# #.##.......


You could see a wyvern (very poisoned).

Vanquished Creatures
  Sigmund (D:2)
  2 wyverns (D:8)
  A yak (D:8)
  3 water moccasins (D:8)
  An orc warrior (D:6)
  A sky beast (D:8)
  An ice beast (D:7)
  A phantom (D:8)
  A black bear (D:8)
  An ogre (D:7)
  2 centaurs (D:5)
  3 big kobolds
  A bullfrog (D:6)
  2 killer bees (D:7)
  4 wights (D:6)
  A howler monkey (D:7)
  A bullfrog zombie (D:7)
  An orc priest (D:7)
  2 hounds
  An orc wizard (D:5)
  3 iguanas
  Natasha (thrice) (D:2)
  2 worker ants (D:7)
  A killer bee zombie (D:7)
  A hound skeleton (D:6)
  8 adders
  2 shadow imps
  4 white imps
  5 oozes
  2 worms
  2 dart slugs
  A leopard gecko (D:2)
  10 orcs
  6 giant cockroaches
  8 goblins
  6 hobgoblins
  16 jackals
  2 quokkas
  3 ball pythons (Sewer)
  10 bats
  10 frilled lizards
  19 kobolds
  A leopard gecko skeleton (D:6)
  A quokka zombie (D:6)
  8 rats
165 creatures vanquished.

Vanquished Creatures (others)
  8 plants (D:8)
8 creatures vanquished.

Grand Total: 173 creatures vanquished

Notes
Turn   | Place    | Note
-------+----------+-------------------------------------------
     0 | D:5      | Phaedo the Octopode Delver began the quest for the Orb.
     0 | D:5      | Reached XP level 1. HP: 16/16 MP: 1/1
    11 | D:5      | Noticed an orc wizard
    16 | D:4      | Noticed a hound
    21 | D:4      | Killed a hound
    22 | D:4      | Reached skill level 7 in Stealth
    22 | D:4      | Reached XP level 2. HP: 17/21 MP: 2/2
    22 | D:4      | Reached XP level 3. HP: 21/26 MP: 3/3
   566 | D:3      | Reached XP level 4. HP: 12/31 MP: 4/4
   726 | D:3      | Found a runed translucent gate.
   726 | D:3      | Found a runed translucent gate.
   726 | D:3      | Found a runed translucent gate.
   728 | D:3      | Noticed a bullfrog
   730 | D:3      | Noticed Survivorfifteen's ghost (amateur MiFi)
   772 | D:3      | Found a glowing drain.
   777 | Sewer    | Entered a sewer
   918 | Sewer    | Noticed a big kobold
   934 | Sewer    | Killed a big kobold
   935 | Sewer    | Reached skill level 1 in Crossbows
   935 | Sewer    | Reached XP level 5. HP: 22/36 MP: 5/5
  1199 | Sewer    | Noticed a big kobold
  1204 | Sewer    | Killed a big kobold
  1238 | Sewer    | Reached skill level 8 in Stealth
  1429 | D:2      | Reached XP level 6. HP: 42/42 MP: 6/6
  2519 | D:2      | Noticed Natasha
  2524 | D:2      | Killed Natasha
  2525 | D:2      | Reached skill level 1 in Shields
  2749 | D:2      | Noticed Natasha
  2758 | D:2      | Killed Natasha
  2791 | D:2      | Noticed Natasha
  2797 | D:2      | Killed Natasha
  3006 | D:2      | Noticed Sigmund
  3013 | D:2      | Killed Sigmund
  3014 | D:2      | Reached XP level 7. HP: 43/46 MP: 7/7
  3544 | D:4      | Got a wavering platinum ring
  3545 | D:4      | Identified the cursed ring "Lyucecs" {*Corrode Will+ Str+7
                  | Int+3 Slay-4} (You found it on level 4 of the Dungeon)
  3683 | D:4      | Found a bloodstained altar of Trog.
  3763 | D:4      | Found Hayplikki's Antique Armour Shoppe.
  3766 | D:4      | Bought an embroidered hat for 140 gold pieces
  4473 | D:5      | Reached skill level 9 in Stealth
  4940 | D:6      | Reached skill level 5 in Dodging
  4940 | D:6      | Reached XP level 8. HP: 24/52 MP: 8/8
  5513 | D:6      | Found a staircase to the Ecumenical Temple.
  5613 | D:6      | Reached skill level 10 in Stealth
  6222 | D:7      | Got a slimy granite ring
  6224 | D:7      | Identified the ring of Jumezoan {Fire rElec rN+ Str+3} (You
                  | found it on level 7 of the Dungeon)
  6858 | D:7      | Found Kuvig's Serpentskin Sales.
  6867 | D:7      | Bought an uncursed ring of poison resistance for 200 gold
                  | pieces
  6973 | D:7      | Reached XP level 9. HP: 51/56 MP: 9/9
  7085 | D:7      | Reached skill level 11 in Stealth
  7346 | D:8      | Found Paonun's Distillery.
  7354 | D:8      | Bought a potion of degeneration for 11 gold pieces
  7590 | D:8      | Found Jinypon's Antique Armour Emporium.
  7617 | D:8      | Reached skill level 5 in Crossbows
  7657 | D:8      | Found a staircase to the Lair.
  7834 | D:8      | Reached skill level 12 in Stealth
  7846 | D:8      | Slain by a wyvern

Illustrated notes

Levels and vault maps discovered:
D:1:      ncdulo_smallfort, layout_loops_corners
D:2:      layout_basic, uniq_sigmund, uniq_natasha
D:3:      layout_rooms, portal_sewer_entry_e, gammafunk_ghost_split
D:4:      layout_basic, bloody_trog, serial_shops, kennysheep_mini
D:5:      layout_rooms
D:6:      layout_loops_corners, temple_doors_e
D:7:      layout_gridville, guppyfry_shop_venom, uniq_duvessa
D:8:      layout_loops_corners, minmay_lair_entry_grove, serial_shops, shop,
          shop, shop_fountains, shop, nemelex_lonely_heart_becter

Skill      XL: |  1  2  3  4  5  6  7  8  9 |
---------------+----------------------------+-----
Stealth        | 7 8 9 10 12 | 12.0
Polearms       | 3 |  3.3
Dodging        | 3 4 5 6 7 |  7.5
Crossbows      | 1 2 4 6 |  6.0
Shields        | 3 4 |  4.0
Fighting       | |  3.0

Action                   |  1- 3 |  4- 6 |  7- 9 || total
-------------------------+-------+-------+-------++-------
Melee: Spear             |    46 |    39 |       ||    85
       Tentacles         |     7 |    18 |    30 ||    55
       Constrict         |     9 |    28 |    32 ||    69
       Short sword       |       |    97 |   176 ||   273
 Fire: Hand crossbow     |       |       |    36 ||    36
Throw: Stone             |       |       |     2 ||     2
Evoke: Wand              |       |       |     2 ||     2
  Use: Scroll            |     1 |     3 |    11 ||    15
       Potion            |     1 |       |     3 ||     4
 Stab: Sleeping          |     3 |    30 |    29 ||    62
Armor: Skin              |     1 |     9 |    11 ||    21
Dodge: Dodged            |    31 |    72 |   129 ||   232
Block: Buckler           |       |     8 |    42 ||    50
